 Dungeon Crawl Stone Soup version 0.26.1-11-gd32895ea62 (webtiles) character file.

Game seed: 15238603434530062627

182 phalm the Conjurer (level 5, -2/37 HPs)
             Began as a Gnoll Conjurer on May 24, 2021.
             Hit by a boomerang thrown by an orc (4 damage)
             ... on level 3 of the Dungeon on May 25, 2021.
             The game lasted 00:04:22 (2530 turns).

phalm the Conjurer (Gnoll Conjurer)                 Turns: 2530, Time: 00:04:23

Health: -2/37      AC:  3    Str:  9    XL:     5   Next: 62%
Magic:  0/12       EV: 14    Int: 22    God:
Gold:   146        SH:  0    Dex: 13    Spells: 3/14 levels left

rFire    . . .     SeeInvis .   n - +1 short sword (speed)
rCold    . . .     Faith    .   (no shield)
rNeg     + . .     Spirit   .   a - +0 robe
rPois    .         Reflect  .   (no helmet)
rElec    .         Harm     .   l - scarf {shadows}
rCorr    .         Rampage  .   h - +0 pair of gloves
Will     .....                  (no boots)
Stlth    +++.......             (no amulet)
HPRegen  0.12/turn              N - ring of positive energy
MPRegen  0.13/turn              (no ring)

@: no status effects
A: distributed training, fangs 1, strong nose
a: no special abilities


You were on level 3 of the Dungeon.
You visited 1 branch of the dungeon, and saw 3 of its levels.

You collected 146 gold pieces.


Innate Abilities, Weirdness & Mutations

Your experience applies equally to all skills.
You have very sharp teeth.
Your uncanny sense of smell can sniff out nearby items.


   Skills:
 + Level 1.5 Fighting
 + Level 1.5 Short Blades
 + Level 1.5 Long Blades
 + Level 1.5 Axes
 + Level 1.5 Maces & Flails
 + Level 1.5 Polearms
 + Level 1.5 Staves
 + Level 1.5 Slings
 + Level 1.5 Bows
 + Level 1.5 Crossbows
 + Level 1.5 Throwing
 + Level 1.5 Armour
 + Level 4.8 Dodging
 + Level 4.4 Stealth
 + Level 1.5 Shields
 + Level 1.5 Unarmed Combat
 + Level 5.2 Spellcasting
 + Level 7.2 Conjurations
 + Level 1.2 Hexes
 + Level 1.2 Summonings
 + Level 1.2 Necromancy
 + Level 1.2 Translocations
 + Level 1.2 Transmutations
 + Level 1.2 Fire Magic
 + Level 1.2 Ice Magic
 + Level 1.2 Air Magic
 + Level 1.2 Earth Magic
 + Level 1.2 Poison Magic
 + Level 1.7 Invocations
 + Level 1.5 Evocations


You had 3 spell levels left.
You knew the following spells:

 Your Spells              Type           Power        Failure   Level
f - Fulminant Prism       Conj/Hex       6%           17%         4
m - Magic Dart            Conj           72%          1%          1
s - Searing Ray           Conj           36%          1%          2
X - Iskenderun's Mystic   Conj/Tloc      12%          17%         4

Your spell library contained the following spells:

 Spells                   Type           Power        Failure   Level
 Dazzling Flash           Conj/Hex       24%          5%          3

Inventory:

Hand Weapons
 n - a +1 short sword of speed (weapon)
   (You took it off an orc on level 3 of the Dungeon)
Missiles
 b - 32 sling bullets
 d - 10 poisoned darts
Armour
 a - a +0 robe (worn)
 h - a +0 pair of gloves (worn)
   (You found it on level 1 of the Dungeon)
 l - a scarf of shadows (worn)
   (You found it on level 2 of the Dungeon)
Jewellery
 N - a ring of positive energy (left hand)
   (You found it on level 2 of the Dungeon)
Scrolls
 c - a scroll of enchant weapon {unknown}
 i - 2 scrolls of teleportation {unknown}
 j - 2 scrolls of identify {unknown}
Potions
 e - 3 potions of curing {@q1}
 f - a potion of degeneration {unknown}
 g - a potion of attraction {unknown}
 m - a potion of haste {unknown}

Dungeon Overview and Level Annotations

Branches:
Dungeon (3/15)

Altars:

#.#.# #.#..[..#...#
#.#.# #.#.#####...#
#.#.# #.#.# #...#
#.#.###.#.#####...#
#.#.#...#.##......#
##.#.#)###'##..(...#
#....#.)...........#
####.####†....(o...#
### #.....@.####
#....g(.# #.....o.#
#..†..[.# #.......#
#.......# .....b..#


You could see an orc priest, a gnoll, an orc and a bat.


Message History

You lost 1 mp, and now have 6/12 mp.
You feel a numb sensation.
The magic dart hits the orc.
You kill the orc!
A gnoll comes into view. It is wielding a +0 whip.
An orc comes into view. It is wielding a +0 hand axe.
The gnoll throws a stone.
The stone hits you. 😕 HP[-3] MP[-1]
You take 3 damage, and now have 34/37 hp.
You lost 1 mp, and now have 5/12 mp.
You feel a numb sensation.
The magic dart hits the orc priest but does no damage.
The orc shouts!
You hear a shout!
A bat comes into view.
You hear a shout! 😕 MP[-1]
You lost 1 mp, and now have 4/12 mp.
Casting: Magic Dart (safe; 1% risk of failure)
Confirm with . or Enter, or press ? or * to list all spells.
The spell is quite dangerous to cast (17% risk of failure)!
Continue anyway?
Okay, then.
You feel a numb sensation.
The magic dart hits the bat.
You kill the bat!
Casting: Magic Dart (safe; 1% risk of failure)
Confirm with . or Enter, or press ? or * to list all spells.
Aiming: Searing Ray (safe; 1% risk of failure)
Press: ? - help, Shift-Dir - straight line, f - orc priest
Aim: an orc priest, wielding a +0 war axe and wearing a +0 ring mail (19% to evade)
You feel a numb sensation.
The searing ray hits the orc priest. (Press . to maintain the ray.)
The gnoll throws a stone.
The stone hits you!
An orc comes into view.
It is wielding a +0 flail. 😮 HP[-8] MP[-2]
You take 8 damage, and now have 26/37 hp.
MASSIVE DAMAGE!! (PAUSE)
You lost 2 mp, and now have 2/12 mp.
The searing ray hits the orc priest.
The orc priest calls down the wrath of Beogh upon you.
Beogh smites you!
* * * LOW HITPOINT WARNING * * *
The gnoll throws a stone.
The stone hits you but does no damage. 😨 HP[-9] MP[-1]
You take 9 damage, and now have 17/37 hp.
MASSIVE DAMAGE!! (PAUSE)
You lost 1 mp, and now have 1/12 mp.
The searing ray hits the orc!
You kill the orc!
The searing ray hits the orc priest.
The gnoll throws a stone.
The stone barely misses you. 😨 HP[+1] MP[-1]
You lost 1 mp, and now have 0/12 mp.
You aren't carrying any items that you can evoke.
Throw: 11 darts (poison)
Press: ? - help, Shift-Dir - straight line, f/p - orc priest
Aim: an orc priest, wielding a +0 war axe and wearing a +0 ring mail (severely wounded, 60% to hit)
You throw a poisoned dart.
The poisoned dart barely misses the orc priest.
You hit the orc priest.
The gnoll throws a stone.
The stone hits you.
* * * LOW HITPOINT WARNING * * *
😨 HP[-5]
You take 5 damage, and now have 13/37 hp.
The orc throws a boomerang.
The boomerang hits you.
* * * LOW HITPOINT WARNING * * *
The weapon returns to the orc!
The orc priest completely misses you. 😱 HP[-5]
You take 5 damage, and now have 8/37 hp.
Unknown command.
You closely miss the orc priest. You closely miss the orc priest.
The orc throws a boomerang.
The boomerang barely misses you.
The weapon returns to the orc!
The orc priest hits you with a +0 war axe.
* * * LOW HITPOINT WARNING * * *
😱 HP[-3]
You take 3 damage, and now have 5/37 hp.
You hit the orc priest but do no damage.
The gnoll closely misses you.
The orc throws a boomerang.
The boomerang misses you.
The weapon returns to the orc! 😱 MP[+1]
Casting: Searing Ray (safe; 1% risk of failure)
Confirm with . or Enter, or press ? or * to list all spells.
You don't have enough magic to cast that spell.
You closely miss the orc priest.
The orc priest hits you with a +0 war axe.
* * * LOW HITPOINT WARNING * * *
The gnoll closely misses you. 😱 HP[-3]
You take 3 damage, and now have 2/37 hp.
Aiming: Magic Dart (safe; 1% risk of failure)
Press: ? - help, Q - select action, (/) - cycle Shift-Dir - straight line, f/p - orc priest
Aim: an orc priest, wielding a +0 war axe and wearing a +0 ring mail (severely wounded, 0% to evade)
You feel a numb sensation.
The magic dart hits the orc priest but does no damage.
The orc throws a boomerang.
The boomerang barely misses you.
The weapon returns to the orc!
The gnoll barely misses you. The orc priest misses you. 😱 MP[-1]
You lost 1 mp, and now have 0/12 mp.
You hit the orc priest.
A bat comes into view.
The orc throws a boomerang.
The boomerang hits you.
You die...

Skill      XL: |  1  2  3  4 |
---------------+-------------+-----
Spellcasting   | 5 |  5.2
Invocations    | 1 |  1.7
Fighting       | 1 |  1.5
Short Blades   | 1 |  1.5
Long Blades    | 1 |  1.5
Axes           | 1 |  1.5
Maces & Flails | 1 |  1.5
Polearms       | 1 |  1.5
Staves         | 1 |  1.5
Slings         | 1 |  1.5
Bows           | 1 |  1.5
Crossbows      | 1 |  1.5
Throwing       | 1 |  1.5
Armour         | 1 |  1.5
Shields        | 1 |  1.5
Unarmed Combat | 1 |  1.5
Evocations     | 1 |  1.5
Hexes          | 1 |  1.2
Summonings     | 1 |  1.2
Necromancy     | 1 |  1.2
Translocations | 1 |  1.2
Transmutations | 1 |  1.2
Fire Magic     | 1 |  1.2
Ice Magic      | 1 |  1.2
Air Magic      | 1 |  1.2
Earth Magic    | 1 |  1.2
Poison Magic   | 1 |  1.2
Dodging        | |  4.8
Stealth        | |  4.4
Conjurations   | |  7.2

Action                   |  1- 3 |  4- 6 || total
-------------------------+-------+-------++-------
Melee: Spear             |     8 |       ||     8
       Bite              |     1 |       ||     1
       Short sword       |       |     8 ||     8
Throw: Dart              |       |     1 ||     1
 Cast: Magic Dart        |    40 |    68 ||   108
       Searing Ray       |     1 |     3 ||     4
  Use: Potion            |       |     2 ||     2
Armor: Robe              |     7 |     2 ||     9
Dodge: Dodged            |    19 |    16 ||    35

Levels and vault maps discovered:
D:1:      dpeg_arrival_simpleton_c, layout_basic, minmay_pentomino_q4
D:2:      layout_loops_ring, corexii_item_surrounded_by_moat,
          minmay_gold_behind_fungi, uniq_jessica
D:3:      cheibrodos_old_hovel, layout_basic

Notes
Turn   | Place    | Note
-------+----------+-------------------------------------------
     0 | D:1      | phalm the Gnoll Conjurer began the quest for the Orb.
     0 | D:1      | Reached XP level 1. HP: 13/13 MP: 6/6
     0 | D:1      | magus.rc [v1.9.10]
    55 | D:1      | Reached XP level 2. HP: 19/19 MP: 1/7
   201 | D:1      | Learned a level 2 spell: Searing Ray
   822 | D:1      | Reached XP level 3. HP: 25/25 MP: 7/9
   929 | D:2      | Reached skill level 5 in Spellcasting
   975 | D:2      | Reached skill level 1 in Invocations
  1096 | D:2      | Noticed Jessica
  1098 | D:2      | Killed Jessica
  1099 | D:2      | Reached skill level 1 in Fighting
  1099 | D:2      | Reached skill level 1 in Short Blades
  1099 | D:2      | Reached skill level 1 in Long Blades
  1099 | D:2      | Reached skill level 1 in Axes
  1099 | D:2      | Reached skill level 1 in Maces & Flails
  1099 | D:2      | Reached skill level 1 in Polearms
  1099 | D:2      | Reached skill level 1 in Staves
  1099 | D:2      | Reached skill level 1 in Slings
  1099 | D:2      | Reached skill level 1 in Bows
  1099 | D:2      | Reached skill level 1 in Crossbows
  1099 | D:2      | Reached skill level 1 in Throwing
  1099 | D:2      | Reached skill level 1 in Armour
  1099 | D:2      | Reached skill level 1 in Shields
  1099 | D:2      | Reached skill level 1 in Unarmed Combat
  1099 | D:2      | Reached skill level 1 in Evocations
  1099 | D:2      | Reached XP level 4. HP: 32/32 MP: 7/11
  1105 | D:2      | Learned a level 4 spell: Iskenderun's Mystic Blast
  1110 | D:2      | Learned a level 4 spell: Fulminant Prism
  1410 | D:2      | Reached skill level 1 in Hexes
  1410 | D:2      | Reached skill level 1 in Summonings
  1410 | D:2      | Reached skill level 1 in Necromancy
  1410 | D:2      | Reached skill level 1 in Translocations
  1410 | D:2      | Reached skill level 1 in Transmutations
  1410 | D:2      | Reached skill level 1 in Fire Magic
  1410 | D:2      | Reached skill level 1 in Ice Magic
  1410 | D:2      | Reached skill level 1 in Air Magic
  1410 | D:2      | Reached skill level 1 in Earth Magic
  1410 | D:2      | Reached skill level 1 in Poison Magic
  1952 | D:3      | Reached XP level 5. HP: 27/37 MP: 2/12
  2524 | D:3      | HP: 8/37 [orc/boomerang (5)]
  2528 | D:3      | HP: 2/37 [orc priest/+0 war axe (3)]
  2530 | D:3      | Hit by a boomerang thrown by an orc

Vanquished Creatures
  An orc wizard (D:3)
  Jessica (D:2)
  5 adders
  2 gnolls (D:3)
  A dart slug (D:3)
  A leopard gecko (D:1)
  4 orcs (D:3)
  6 bats
  3 giant cockroaches (D:1)
  10 hobgoblins
  3 jackals (D:1)
  A quokka (D:2)
  7 frilled lizards
  5 goblins
  3 kobolds
  7 rats
60 creatures vanquished.

Vanquished Creatures (others)
  6 toadstools (D:2)
6 creatures vanquished.

Grand Total: 66 creatures vanquished

Table legend:
 A = Non-vault XP
 B = Vault XP
 C = Vault XP percentage of total XP
 D = Non-vault monster count
 E = Vault monster count
 F = Vault count percentage of total count
                 A         B        C        D         E       F
            +---------+---------+-------+---------+---------+-------
      Total |     219 |      42 |  16.1 |      56 |       4 |   6.7
            +---------+---------+-------+---------+---------+-------
        D:1 |      29 |       5 |  14.7 |      19 |       3 |  13.6
        D:2 |      60 |      37 |  38.1 |      15 |       1 |   6.2
        D:3 |     130 |       0 |   0.0 |      22 |       0 |   0.0
            +---------+---------+-------+---------+---------+-------

Illustrated notes

Table legend:
 A = Kills in this place as a percentage of kills in entire the game.
 B = Kills by you in this place as a percentage of kills by you in the entire game.
 C = Kills by friends in this place as a percentage of kills by friends in the entire game.
 D = Other kills in this place as a percentage of other kills in the entire game.
 E = Experience gained in this place as a percentage of experience gained in the entire game.
 F = Experience gained in this place divided by the number of levels of this place that you have seen.
                   A       B       C       D       E      F
               +-------+-------+-------+-------+-------+----------------------
         Total | 100.0 | 100.0 |   N/A |   N/A | 100.0 |  87.0
       Dungeon | 100.0 | 100.0 |   N/A |   N/A | 100.0 |  87.0
               +-------+-------+-------+-------+-------+----------------------

Table legend: (Time is in decaauts)
 A = Elapsed time spent in this place.
 B = Non-inter-level travel time spent in this place.
 C = Inter-level travel time spent in this place.
 D = Time resting spent in this place.
 E = Time spent auto-exploring this place.
 F = Levels seen in this place.
 G = Mean time per level.
                   A        B        C        D        E       F      G
               +--------+--------+--------+--------+--------+-----+--------+
         Total |   2526 |   2383 |    143 |     61 |   2056 |   3 |  842.0 |
       Dungeon |   2526 |   2383 |    143 |     61 |   2056 |   3 |  842.0 |
               +--------+--------+--------+--------+--------+-----+--------+

Top non-repeatable levels by time:
     D:2: 992 daAuts
     D:1: 924 daAuts
     D:3: 609 daAuts
